 Dungeon Crawl Stone Soup version 0.28-a0-1389-gc726bef33b (webtiles) character file.

Game seed: 7347097731155636196

478155 freelancePsychic the Omniscient (level 24, -11/195 (200) HPs)
             Began as a Gnoll Necromancer on Jan 3, 2022.
             Was the Champion of Ashenzari.
             Killed by divine providence
             ... invoked by a white draconian stormcaller
              (12 damage)
             ... on level 2 of the Realm of Zot on Jan 4, 2022.
             The game lasted 03:09:48 (59420 turns).

freelancePsychic the Omniscient (GnNe)             Turns: 59420, Time: 03:09:48

HP:   -11/195 (200) AC: 26    Str:  6    XL:     24   Next: 48%
MP:   15/46         EV: 20    Int: 38    God:    Ashenzari [******]
Gold: 2029          SH: 15    Dex: 13    Spells: 6/62 levels left

rFire   + + .      SeeInvis +   Y - +5 double sword "Esoteric Oracle" {pain, rF+ rN+ rCorr Str-2, Comp, Bglg} (curse)
rCold   + . .      Faith    .   P - +0 kite shield of the Sibylline Levity {Evo, Comp} (curse)
rNeg    + + .      Spirit   .   X - +4 troll leather armour "Altruism of the Welkin" {Regen+, Self, Fort} (curse)
rPois   +          Reflect  .   k - +0 helmet of the Eye in the Sky {Bglg, Alch} (curse)
rElec   .          Harm     .   q - +2 cloak "Chained Paranoia" {Will+, Comp, Evo} (curse)
rCorr   +          Rampage  ∞   Q - +2 pair of gloves of Desmomancy {Rampage rF+ Will+ rCorr, Comp, Fort} (curse)
Will    ++++.      Clarity  +   V - +3 pair of seven-league boots {Rampage+∞, Cun, Comp} (curse)
Stlth   +++++++...              T - amulet of the Tethered Suspicion {RegenMP rPois Int+7, Comp, Melee} (curse)
HPRegen 1.22/turn               z - ring of the Lashed Fetters {rF+, Comp, Cun} (curse)
MPRegen 0.70/turn               E - ring of Ashenzari's Shame {Ice rN+ Int+5 Slay+3, Comp, Melee} (curse)

@: death channelling, calling dragons, on death's door cooldown, lightly drained
A: fangs 1, strong nose, distributed training, strong-willed 1, mutation
resistance 1, wild magic 1
}: 3/15 runes: serpentine, slimy, gossamer
a: Renounce Religion, Shatter the Chains


You were on level 2 of the Realm of Zot.
You worshipped Ashenzari.
Ashenzari was exalted by your worship.
You visited 11 branches of the dungeon, and saw 51 of its levels.
You visited 1 bazaar.
You also visited: Gauntlet and Volcano.

You collected 5022 gold pieces.
You spent 2993 gold pieces at shops.

Inventory:

Hand Weapons
 Y - the cursed +5 double sword "Esoteric Oracle" (weapon) {pain, rF+ rN+ rCorr Str-2, Comp, Bglg}
   (You bought it in a shop on level 1 of the Dungeon)

   In the hands of one skilled in necromantic magic, it inflicts extra damage on
   living creatures.
   Str:       It affects your strength (-2).
   rF:        It protects you from fire.
   rN:        It protects you from negative energy.
   rCorr:     It protects you from acid and corrosion.
   It has a curse which improves the following skills: Companions: Summonings
   and Necromancy.
   Beguiling: Conjurations, Hexes and Translocations.
Armour
 k - the cursed +0 helmet of the Eye in the Sky (worn) {Bglg, Alch}
   (You found it on level 6 of the Dungeon)

   It has a curse which improves the following skills: Beguiling: Conjurations,
   Hexes and Translocations.
   Alchemy:   Poison Magic and Transmutations.
 q - the cursed +2 cloak "Chained Paranoia" (worn) {Will+, Comp, Evo}
   (You took it off Crazy Yiuf on level 2 of the Dungeon)

   It has a curse which improves the following skills: Companions: Summonings
   and Necromancy.
   Evocations: Evocations.
 M - a +2 tower shield of reflection
 P - the cursed +0 kite shield of the Sibylline Levity (worn) {Evo, Comp}
   (You took it off a tengu warrior on level 15 of the Dungeon)

   It has a curse which improves the following skills: Evocations: Evocations.
   Companions: Summonings and Necromancy.
 Q - the cursed +2 pair of gloves of Desmomancy (worn) {Rampage rF+ Will+ rCorr, Comp, Fort}
   (You acquired it on level 10 of the Dungeon)

   rF:        It protects you from fire.
   rCorr:     It protects you from acid and corrosion.
   Rampage:   It bestows one free step when moving towards enemies.
   Will:      It increases your willpower.
   It has a curse which improves the following skills: Companions: Summonings
   and Necromancy.
   Fortitude: Armour and Shields.
 V - the cursed +3 pair of seven-league boots (worn) {Rampage+∞, Cun, Comp}
   (You found it on level 2 of the Lair of Beasts)

   Its wearer moves as far as possible in that direction when moving towards
   enemies.
   It has a curse which improves the following skills: Cunning: Dodging and
   Stealth.
   Companions: Summonings and Necromancy.
 X - the cursed +4 troll leather armour "Altruism of the Welkin" (worn) {Regen+, Self, Fort}
   (You found it on level 12 of the Dungeon)

   Regen:     It increases your rate of health regeneration.
   It has a curse which improves the following skills: Introspection: Fighting
   and Spellcasting.
   Fortitude: Armour and Shields.
Jewellery
 a - the ring of the Hare {EV+8}
   (You found it on level 4 of the Lair of Beasts)

   [ring of evasion]

   EV:        It affects your evasion (+8).
 z - the cursed ring of the Lashed Fetters (left hand) {rF+, Comp, Cun}
   (You found it on level 4 of the Dungeon)

   [ring of protection from fire]

   rF:        It protects you from fire.
   It has a curse which improves the following skills: Companions: Summonings
   and Necromancy.
   Cunning:   Dodging and Stealth.
 E - the cursed ring of Ashenzari's Shame (right hand) {Ice rN+ Int+5 Slay+3, Comp, Melee}
   (You found it in a Gauntlet)

   [ring of ice]

   It enhances your ice magic.
   Int:       It affects your intelligence (+5).
   Slay:      It affects your accuracy & damage with ranged weapons and melee
   (+3).
   rF:        It makes you vulnerable to fire.
   rC:        It protects you from cold.
   rN:        It protects you from negative energy.
   It has a curse which improves the following skills: Companions: Summonings
   and Necromancy.
   Melee Combat: Short Blades, Long Blades, Axes, Maces & Flails, Polearms,
   Staves and Unarmed Combat.
 S - a ring of ice
 T - the cursed amulet of the Tethered Suspicion (around neck) {RegenMP rPois Int+7, Comp, Melee}
   (You found it on level 1 of the Lair of Beasts)

   [amulet of magic regeneration]

   It increases your rate of magic regeneration.
   Int:       It affects your intelligence (+7).
   rPois:     It protects you from poison.
   It has a curse which improves the following skills: Companions: Summonings
   and Necromancy.
   Melee Combat: Short Blades, Long Blades, Axes, Maces & Flails, Polearms,
   Staves and Unarmed Combat.
Wands
 p - a wand of digging (19)
 r - a wand of mindburst (11)
 w - a wand of charming (5)
 x - a wand of polymorph (31)
 A - a wand of acid (34)
 B - a wand of iceblast (34)
 H - a wand of flame (43)
 Z - a wand of paralysis (26)
Scrolls
 b - 4 scrolls of amnesia
 e - 3 scrolls of fog
 h - 3 scrolls of noise
 i - 2 scrolls of magic mapping
 j - 4 scrolls of silence
 n - 6 scrolls of vulnerability
 s - 4 scrolls of immolation
 t - 2 scrolls of enchant armour
 y - 6 scrolls of enchant weapon
 G - 15 scrolls of teleportation {@r4}
 J - 5 scrolls of holy word
 K - 2 scrolls of fear
 O - 5 scrolls of brand weapon
Potions
 c - 7 potions of brilliance
 f - 4 potions of invisibility
 g - 6 potions of magic
 l - 6 potions of mutation
 m - 3 potions of attraction
 o - 2 potions of cancellation
 u - 4 potions of berserk rage
 v - 17 potions of curing {@q1}
 D - 8 potions of might
 F - 4 potions of degeneration
 I - 5 potions of flight
 L - 2 potions of haste {@q3}
 N - a potion of heal wounds {@q2}
 U - 10 potions of ambrosia
Miscellaneous
 C - a condenser vane
 W - a tin of tremorstones (2/2)


   Skills:
 + Level 16.4(18.9) Fighting
 + Level 16.4(20.2) Short Blades
 + Level 16.4(20.2) Long Blades
 + Level 16.4(20.2) Axes
 + Level 16.4(20.2) Maces & Flails
 + Level 16.4(20.2) Polearms
 + Level 16.4(20.2) Staves
 + Level 16.4 Slings
 + Level 16.4 Bows
 + Level 16.4 Crossbows
 + Level 16.4 Throwing
 + Level 16.4(20.2) Armour
 + Level 16.9(20.7) Dodging
 + Level 16.8(20.6) Stealth
 + Level 16.4(20.2) Shields
 + Level 16.4(20.2) Unarmed Combat
 + Level 17.0(19.5) Spellcasting
 + Level 13.9(17.8) Conjurations
 + Level 13.9(17.8) Hexes
 + Level 13.9(23.8) Summonings
 + Level 15.5(25.4) Necromancy
 + Level 13.9(17.8) Translocations
 + Level 13.9(16.5) Transmutations
 + Level 13.9 Fire Magic
 + Level 13.9 Ice Magic
 + Level 13.9 Air Magic
 + Level 13.9 Earth Magic
 + Level 13.9(16.5) Poison Magic
 + Level 17.7 Invocations
 + Level 16.4(20.2) Evocations


You had 6 spell levels left.
You knew the following spells:

 Your Spells              Type           Power      Damage    Failure   Level
a - Dragon's Call         Summ           68%        N/A       9%          9
b - Borgnjor's Vile Clut  Necr/Erth      63%        N/A       1%          5
c - Death Channel         Necr           70%        N/A       1%          6
d - Dispel Undead         Necr           100%       3d31      1%          4
e - Haunt                 Necr/Summ      69%        N/A       1%          7
f - Death's Door          Necr           70%        N/A       5%          9
g - Necromutation         Tmut/Necr      65%        N/A       2%          8
h - Infestation           Necr           70%        N/A       1%          8

Your spell library contained the following spells:

 Spells                   Type           Power      Damage    Failure   Level
 Animate Skeleton         Necr           100%       N/A       1%          1
 Apportation              Tloc           100%       N/A       1%          1
 Beastly Appendage        Tmut           100%       N/A       1%          1
 Pain                     Necr           100%       1d9       1%          1
 Sandblast                Erth           100%       2d20      1%          1
 Slow                     Hex            100%       N/A       1%          1
 Summon Small Mammal      Summ           100%       N/A       1%          1
 Blink                    Tloc           100%       N/A       1%          2
 Corpse Rot               Necr/Air       100%       N/A       1%          2
 Passwall                 Tmut/Erth      95%        N/A       1%          2
 Poisonous Vapours        Pois/Air       100%       N/A       1%          2
 Static Discharge         Conj/Air       100%       N/A       1%          2
 Sublimation of Blood     Necr           100%       N/A       1%          2
 Wereblood                Tmut           100%       N/A       1%          2
 Call Canine Familiar     Summ           100%       N/A       1%          3
 Confusing Touch          Hex            100%       N/A       1%          3
 Gell's Gravitas          Tloc           100%       N/A       1%          3
 Lesser Beckoning         Tloc           100%       N/A       1%          3
 Mephitic Cloud           Conj/Pois/Air  100%       N/A       1%          3
 Ozocubu's Armour         Ice            100%       N/A       1%          3
 Spider Form              Tmut/Pois      100%       N/A       1%          3
 Summon Guardian Golem    Hex/Summ       100%       N/A       1%          3
 Swiftness                Air            100%       N/A       1%          3
 Teleport Other           Tloc           100%       N/A       1%          3
 Vampiric Draining        Necr           100%       2d13      1%          3
 Animate Armour           Summ/Erth      100%       N/A       1%          4
 Animate Dead             Necr           70%        N/A       1%          4
 Cause Fear               Hex            61%        N/A       1%          4
 Hailstorm                Conj/Ice       100%       3d20      1%          4
 Leda's Liquefaction      Hex/Erth       58%        N/A       1%          4
 Sticky Flame             Conj/Fire      100%       2d11      1%          4
 Summon Ice Beast         Ice/Summ       100%       N/A       1%          4
 Summon Lightning Spire   Summ/Air       100%       N/A       1%          4
 Agony                    Necr           100%       N/A       1%          5
 Alistair's Intoxication  Tmut/Pois      79%        N/A       1%          5
 Freezing Cloud           Conj/Ice/Air   70%        6-21      1%          5
 Lee's Rapid Deconstruct  Erth           56%        3d27*     1%          5
 Lightning Bolt           Conj/Air       58%        1d81      1%          5
 Manifold Assault         Tloc           100%       N/A       1%          5
 Metabolic Englaciation   Hex/Ice        70%        N/A       1%          5
 Summon Forest            Summ/Tloc      65%        N/A       1%          5
 Summon Mana Viper        Hex/Summ       100%       N/A       1%          5
 Dispersal                Tloc           61%        N/A       1%          6
 Eringya's Noxious Bog    Tmut/Pois      59%        N/A       1%          6
 Simulacrum               Ice/Necr       76%        N/A       1%          6
 Statue Form              Tmut/Erth      76%        N/A       1%          6
 Dragon Form              Tmut           59%        N/A       1%          7
 Malign Gateway           Summ/Tloc      65%        N/A       1%          7
 Monstrous Menagerie      Summ           68%        N/A       1%          7
 Summon Hydra             Summ           68%        N/A       1%          7
 Borgnjor's Revivificati  Necr           70%        N/A       1%          8
 Summon Horrible Things   Summ           68%        N/A       1%          8
 Storm Form               Tmut/Air       57%        N/A       3%          7
 Ozocubu's Refrigeration  Ice            67%        4d18      4%          7
 Disjunction              Tloc           61%        N/A       7%          8
 Maxwell's Capacitive Co  Air            56%        ∞         28%         8
 Chain Lightning          Conj/Air       58%        3d78      87%         9
 Fire Storm               Conj/Fire      58%        8d15      87%         9
 Polar Vortex             Ice            67%        N/A       98%         9
 Shatter                  Erth           56%        3d42*     98%         9


Dungeon Overview and Level Annotations

Branches:
Dungeon (15/15)            Temple (1/1) D:4            Lair (6/6) D:11
  Snake (4/4) Lair:3       Spider (4/4) Lair:3        Slime (5/5) Lair:6
    Orc (2/2) D:11            Elf (3/3) Orc:2        Vaults (4/5) D:14
  Crypt (0/3) Vaults:3     Depths (4/4) D:15            Zot (3/5) Depths:4
Volcano (visited)         Gauntlet (visited)

Altars:
Ashenzari
Cheibriados
Dithmenos
Elyvilon
Fedhas
Gozag
Hepliaklqana
Kikubaaqudgha
Makhleb
Nemelex Xobeh
Okawaru
Qazlal
Ru
Sif Muna
Trog
Uskayaw
Vehumet
Wu Jian
Xom
Yredelemnul
Zin
The Shining One

Shops:
D:1 (   D:9 :   D:14 *   Orc:2 :*[(   Elf:2 ?   Snake:2 ?   Snake:4 ::=

Portals:
Hell: Depths:1
Ziggurat: Depths:1

Annotations:
D:4 exclusion: zombie
Snake:4 2 transporters, gimp's ghost, adept VSWn
Elf:1 1 runed translucent door, Gorep's ghost, adept FeBe
Elf:2 3 runed translucent doors


Innate Abilities, Weirdness & Mutations

You have very sharp teeth.
Your uncanny sense of smell can sniff out nearby items.
Your experience applies equally to all skills.
You are strong-willed. (Will+)
You are somewhat resistant to further mutation.
Your spells are a little harder to cast, but a little more powerful.


Message History

The white draconian hits your shadow dragon but does no damage.
Your shadow dragon breathes negative energy at the white draconian.
The bolt of negative energy misses the white draconian.
The yellow draconian barely misses you.
You slash the yellow draconian!
The yellow draconian writhes in agony!
The yellow draconian is almost dead.
Your spectral black draconian hits the white draconian!
Your shadow dragon bites the shadow dragon!
Your shadow dragon claws the shadow dragon! x2
Your golden dragon breathes fire at the yellow draconian.
The bolt of fire hits the yellow draconian!!!
The yellow draconian dies!
A glowing mist starts to gather...
Your shadow dragon bites the shadow dragon!
Your shadow dragon claws the shadow dragon.
Your shadow dragon claws the shadow dragon but does no damage.
The shadow dragon barely misses your shadow dragon.
The shadow dragon claws your shadow dragon but does no damage. x2
The green draconian monk hits your shadow dragon but does no damage.
The green draconian monk kicks your shadow dragon.
The green draconian monk tail-slaps your shadow dragon!
The green draconian monk closely misses your shadow dragon.
A black draconian knight comes into view.
It is wielding a +0 battleaxe.
You swap places.
Your surroundings suddenly seem different.
Found 14 arrows.
The black draconian knight moves out of view.
You hear a roar!
You hear a deafening roar! x2
You hear a roar! x2
A black draconian comes into view.
It is wielding a +0 short sword of holy wrath.
You hear a roar!
You hear a deafening roar!
Your life is in your own hands again!
You hear a roar!
The storm dragon breathes lightning at you.
The bolt of lightning hits you!
* * * LOW HITPOINT WARNING * * *
The white draconian stormcaller invokes the aid of Qazlal against you.
Qazlal smites you!
You die...

*,d##..##..#.,,,,***,,,*,,<,,,,
#d.##..##..##...***,,,***,,,**,
#{{##..##.y##..###..,***,{{***,
#{q##..##..##..##...***,{,***,,
###{{##..##..##..##..#**,{,***,,,
###§§##..##..##..##..##.{,***,,,*
###..##d..9D[...(##.d##..***,,,**
###Zdqd...q.d....##..##..**,,,,,*
###dDq{{.##..##.@##..##..**,,*,,,
###DD##D{##..##..##..##..#*,,**,,
###DD##9.######..........#*,,**,,
###..##..######..........#*,,**,,
###.)##..######..##..##..#*,,**,,
###.Z##..######..######..#*,,***,
###..##..##..##..######,.#*,,,***
###..##..9.>.....# *,,#**,,,**
#######..##..##..#*****,,,***,,,*


You could see an electric golem, a storm dragon (catching breath), a black
draconian, a yellow draconian and a white draconian stormcaller.

Vanquished Creatures
  the Royal Jelly (Slime:5)
  Vashnia (Snake:4)
  2 golden dragons
  A bone dragon (Depths:4)
  A tentacled monstrosity (Zot:3)
  Mlioglotl (Spider:2)
  7 acid blobs
  3 sphinxes
  A death cob (Zot:3)
  A storm dragon (Zot:2)
  2 draconian monks
  A revenant (Vaults:3)
  4 rockslimes
  8 azure jellies
  4 emperor scorpions
  A draconian knight (Zot:2)
  A fire giant (Depths:1)
  2 ghost moths (Spider:4)
  4 vault wardens
  A deep elf elementalist (Elf:3)
  A broodmother (Spider:4)
  A curse skull (Zot:1)
  3 ironbound thunderhulks
  8 quicksilver oozes
  5 ironbound preservers
  A green draconian (Depths:4)
  3 very ugly things
  Azrael (Snake:2)
  2 deep elf demonologists
  An entropy weaver (Spider:1)
  A deep elf annihilator (Elf:3)
  4 dire elephants
  A spark wasp (Spider:4)
  A yellow draconian (Zot:3)
  A minotaur (Gauntlet)
  A jiangshi (Vaults:3)
  A deep elf death mage (Elf:3)
  5 yaktaur captains
  Josephine (D:14)
  3 deep elf high priests
  7 naga warriors
  5 great orbs of eyes
  6 boulder beetles
  A salamander tyrant (Snake:2)
  2 vault guards (Vaults:2)
  An ice dragon (Depths:4)
  An ogre mage (D:15)
  2 peacekeepers (Vaults:3)
  A hell beast (Gauntlet)
  3 hydras
  A radroach (Spider:3)
  Erica (Lair:1)
  2 centaur warriors
  8 ironbound frosthearts
  4 anacondas
  4 two-headed ogres
  2 tengu warriors
  2 naga sharpshooters
  11 dancing weapons
  3 shock serpents
  8 deep elf knights
  2 pharaoh ants
  A sun moth (Spider:3)
  4 steelbarb worms
  3 salamander mystics (Snake:2)
  6 skeletal warriors
  13 deep trolls
  5 orb spiders
  7 deep elf archers
  2 naga ritualists
  7 wizards
  5 orc knights (Vaults:4)
  5 lindwurms
  Pikel (D:7)
  2 phantasmal warriors
  A necromancer (D:15)
  2 ironbound convokers
  11 wolf spiders
  6 mana vipers
  19 deep elf pyromancers
  8 deep elf zephyrmancers
  5 oklob plants (Lair:6)
  3 cyclopes
  17 ugly things
  2 orc sorcerers
  12 salamanders
  2 manticores
  4 moths of wrath
  34 black mambas
  2 guardian serpents
  3 elephants (Lair:6)
  2 eyes of devastation (Slime:5)
  7 naga magi
  A torpor snail (Spider:1)
  2 gargoyles
  11 vault sentinels
  7 cane toads
  A demonic crawler (Spider:3)
  2 nameless horrors
  2 rime drakes
  A rime drake (shapeshifter) (D:15)
  Maggie (D:7)
  7 komodo dragons
  20 yaktaurs
  A human skeleton (Vaults:2)
  A tengu conjurer (D:13)
  5 trolls
  8 meliai
  A queen bee (Lair:2)
  12 tarantellas
  A wolf spider simulacrum (D:15)
  3 polar bears
  Prince Ribbit (D:5)
  3 dream sheep (Lair:6)
  2 hornets
  8 blink frogs
  22 slime creatures
  3 air elementals
  4 spriggans (Lair:6)
  A centaur simulacrum (Gauntlet)
  12 jumping spiders
  11 culicivoras
  3 water elementals
  A shadow (D:9)
  A wyvern (D:8)
  A human (D:14)
  7 wraiths
  4 fire elementals
  20 yaks
  A yak (shapeshifter) (Elf:1)
  A golden eye (shapeshifter) (Elf:3)
  4 basilisks
  10 vampire mosquitoes
  2 wargs
  28 redbacks
  17 nagas
  3 acid dragons
  5 hell hounds (Snake:2)
  A water moccasin (shapeshifter) (Elf:3)
  A floating eye (Slime:3)
  Duvessa (D:4)
  A swamp drake (D:11)
  19 water moccasins
  2 ice beasts
  8 orc warriors
  4 black bears
  An ogre (shapeshifter) (Elf:3)
  4 ogres
  A boggart (Lair:6)
  A boggart (shapeshifter) (Elf:3)
  A necrophage (D:7)
  17 wolves
  3 phantoms
  10 centaurs
  3 lemures (D:7)
  A bullfrog (shapeshifter) (Elf:3)
  2 kobold brigands
  4 bullfrogs
  A scorpion (shapeshifter) (Elf:3)
  5 earth elementals
  4 scorpions
  Dowan (D:4)
  3 water moccasin skeletons
  3 killer bees (Lair:2)
  3 wights (D:6)
  3 electric eels (Snake:1)
  3 howler monkeys
  4 centaur zombies
  Crazy Yiuf (D:2)
  2 hounds (D:4)
  2 gnoll shamans
  4 iguanas
  A jelly (shapeshifter) (Elf:3)
  A jelly (D:6)
  A centaur skeleton (D:7)
  7 orc priests
  Jessica (D:2)
  15 orc wizards
  3 hell rats (Lair:6)
  A small abomination (Gauntlet)
  A hound zombie (D:5)
  12 gnolls
  9 adders
  A river rat (Lair:6)
  4 ufetubi
  An adder skeleton (D:4)
  A worm (D:5)
  2 dart slugs
  39 orcs
  3 bats
  5 endoplasms
  3 giant cockroaches
  7 goblins
  3 hobgoblins
  6 jackals
  18 kobolds
  2 quokkas
  4 ball pythons
  5 frilled lizards
  10 rats
  A butterfly (Lair:2)
923 creatures vanquished.

Vanquished Creatures (collateral kills)
  2 orbs of fire
  Sojobo (Vaults:2)
  A golden dragon (Zot:2)
  Nikola (Vaults:1)
  A bone dragon (Zot:2)
  2 tentacled monstrosities (Zot:1)
  Rupert (D:14)
  Asterion (Elf:1)
  2 quicksilver dragons
  6 acid blobs
  4 deep elf master archers (Elf:3)
  2 deep elf blademasters (Elf:3)
  Agnes (Spider:2)
  Donald (Elf:2)
  2 sphinxes
  4 death cobs
  2 tengu reavers (Vaults:2)
  4 shadow dragons
  2 azure jellies (Slime:1)
  A daeva (Depths:1)
  4 storm dragons
  5 rockslimes
  5 nagarajas (Snake:4)
  2 draconian monks
  5 vault wardens
  An emperor scorpion (Spider:4)
  3 draconian knights (Zot:2)
  Aizul (Spider:2)
  A frost giant (Depths:1)
  3 ghost moths
  5 orc warlords
  2 fire giants
  2 deep elf sorcerers (Elf:3)
  2 angels (Depths:1)
  A ghoul (Vaults:3)
  A draconian annihilator (Zot:3)
  5 ironbound preservers
  6 very ugly things
  2 deep elf elementalists (Elf:3)
  3 quicksilver oozes (Slime:5)
  4 ironbound thunderhulks
  A stone giant (Depths:3)
  A broodmother (Spider:3)
  The ghost of Jeschemp the Severer, a journeyman MiBe of Trog (D:14)
  2 deep elf demonologists (Elf:3)
  3 black draconians (Zot:2)
  2 green draconians (Zot:2)
  2 demonspawn black suns
  Nessos (D:14)
  3 spark wasps
  9 deep elf annihilators (Elf:3)
  6 entropy weavers
  5 dire elephants
  A yellow draconian (Zot:2)
  2 white draconians
  A red draconian (Zot:2)
  An ettin (Depths:1)
  3 deep elf death magi (Elf:3)
  5 boulder beetles
  3 deep elf high priests (Elf:3)
  9 naga warriors
  9 yaktaur captains
  3 vault guards
  A salamander tyrant (Snake:4)
  A peacekeeper (Vaults:3)
  3 great orbs of eyes
  2 ghost crabs (Lair:4)
  2 ogre magi
  3 ice dragons
  6 centaur warriors
  5 hydras
  A death knight (D:13)
  A spriggan air mage (Depths:3)
  3 ironbound frosthearts
  3 radroaches
  2 two-headed ogres (D:15)
  9 dancing weapons
  6 anacondas
  2 deep troll shamans
  3 hell hogs (Depths:2)
  16 naga sharpshooters
  A deep troll earth mage (Depths:3)
  3 spriggan berserkers (Depths:3)
  5 death yaks (Lair:4)
  3 tengu warriors
  4 orc high priests (Orc:2)
  A thrashing horror (Gauntlet)
  2 shock serpents (Snake:4)
  4 deep elf knights
  3 iron trolls
  A sun moth (Spider:2)
  7 pharaoh ants
  6 fire crabs (Lair:4)
  5 salamander mystics
  19 deep trolls
  12 steelbarb worms
  A skeletal warrior (D:13)
  13 orb spiders
  An orb spider (shapeshifter) (Depths:4)
  4 wizards
  10 deep elf archers
  A glowing orange brain (Vaults:3)
  6 naga ritualists
  2 phantasmal warriors
  8 orc knights
  5 ironbound convokers
  An obsidian statue (Zot:1)
  16 deep elf pyromancers
  15 deep elf zephyrmancers
  9 lindwurms
  2 necromancers
  4 mana vipers
  A shining eye (Slime:2)
  A faun (shapeshifter) (Depths:1)
  16 ugly things
  10 salamanders
  16 wolf spiders
  3 oklob plants (Zot:1)
  3 cyclopes
  A frost giant skeleton (Vaults:2)
  4 orc sorcerers (Orc:2)
  13 moths of wrath
  Maurice (D:11)
  9 elephants (Lair:6)
  A nameless horror (Elf:3)
  8 guardian serpents
  An apocalypse crab (Lair:4)
  9 cane toads
  4 naga magi
  4 torpor snails
  10 black mambas
  12 vault sentinels
  An eye of devastation (Slime:5)
  2 komodo dragons
  23 yaktaurs
  A freezing wraith (Vaults:2)
  A rime drake (Lair:6)
  3 demonic crawlers
  3 polar bears (Lair:6)
  10 meliai
  9 hornets
  13 tarantellas
  12 blink frogs
  4 dream sheep (Lair:6)
  32 slime creatures
  25 jumping spiders
  13 culicivoras
  16 yaks
  14 spriggans
  An elf zombie (Vaults:2)
  A wraith (D:14)
  A wyvern (D:10)
  A basilisk (D:11)
  A basilisk (shapeshifter) (D:14)
  15 humans (D:14)
  60 redbacks
  2 fire elementals
  5 wargs
  5 vampire mosquitoes (D:13)
  17 nagas
  6 water moccasins
  20 orc warriors
  An ettin simulacrum (Vaults:2)
  2 black bears
  7 boggarts
  6 ogres
  11 wolves
  3 centaurs
  A small abomination (Gauntlet)
  2 bullfrogs
  A wyvern zombie (D:5)
  22 killer bees (Lair:2)
  2 electric eels
  16 orc priests
  22 orc wizards
  3 hell rats (Lair:6)
  2 lightning spires (Zot:1)
  An adder (Depths:1)
  2 river rats (Lair:6)
  31 orcs
  A hobgoblin (Depths:1)
  A jackal (D:5)
  A frilled lizard (Depths:1)
  3 kobolds
  2 rats (Lair:6)
  A plant (Lair:6)
1008 creatures vanquished.

Vanquished Creatures (others)
  An eldritch tentacle (Snake:4)
  An entropy weaver (Lair:4)
  A purple draconian (Zot:3)
  A salamander tyrant (Snake:2)
  A deep elf zephyrmancer (Elf:3)
  A deep elf pyromancer (Elf:3)
  A water elemental (Elf:1)
  A kobold brigand (D:11)
  An orc wizard (Orc:2)
  A kobold (D:11)
  20 demonic plants (Gauntlet)
  41 fungi
  60 plants
  3 withered plants (D:5)
134 creatures vanquished.

Grand Total: 2065 creatures vanquished

Notes
Turn   | Place    | Note
-------+----------+-------------------------------------------
     0 | D:1      | freelancePsychic the Gnoll Necromancer began the quest for
                  | the Orb.
     0 | D:1      | Reached XP level 1. HP: 13/13 MP: 6/6
   306 | D:1      | Reached XP level 2. HP: 14/19 MP: 3/7
   742 | D:1      | Found Jawidid's Weapon Emporium.
   961 | D:1      | Reached skill level 5 in Spellcasting
   961 | D:1      | Reached XP level 3. HP: 21/25 MP: 3/9
  1047 | D:1      | Found a faded altar of an unknown god.
  1193 | D:2      | Identified the +1 mace of the Onslaught {vorpal, rN+}
  1239 | D:2      | Learned a level 3 spell: Vampiric Draining
  1352 | D:2      | Reached skill level 1 in Invocations
  1357 | D:2      | Reached skill level 1 in Fighting
  1357 | D:2      | Reached skill level 1 in Short Blades
  1357 | D:2      | Reached skill level 1 in Long Blades
  1357 | D:2      | Reached skill level 1 in Axes
  1357 | D:2      | Reached skill level 1 in Maces & Flails
  1357 | D:2      | Reached skill level 1 in Polearms
  1357 | D:2      | Reached skill level 1 in Staves
  1357 | D:2      | Reached skill level 1 in Slings
  1357 | D:2      | Reached skill level 1 in Bows
  1357 | D:2      | Reached skill level 1 in Crossbows
  1357 | D:2      | Reached skill level 1 in Throwing
  1357 | D:2      | Reached skill level 1 in Armour
  1357 | D:2      | Reached skill level 1 in Shields
  1357 | D:2      | Reached skill level 1 in Unarmed Combat
  1357 | D:2      | Reached skill level 1 in Evocations
  1439 | D:2      | Reached XP level 4. HP: 32/32 MP: 0/11
  1541 | D:2      | Found a runed translucent door.
  1542 | D:2      | Noticed Crazy Yiuf
  1696 | D:2      | Noticed Jessica
  1748 | D:2      | Killed Jessica
  1749 | D:2      | Reached skill level 1 in Conjurations
  1749 | D:2      | Reached skill level 1 in Hexes
  1749 | D:2      | Reached skill level 1 in Summonings
  1749 | D:2      | Reached skill level 1 in Translocations
  1749 | D:2      | Reached skill level 1 in Transmutations
  1749 | D:2      | Reached skill level 1 in Fire Magic
  1749 | D:2      | Reached skill level 1 in Ice Magic
  1749 | D:2      | Reached skill level 1 in Air Magic
  1749 | D:2      | Reached skill level 1 in Earth Magic
  1749 | D:2      | Reached skill level 1 in Poison Magic
  1887 | D:2      | Killed Crazy Yiuf
  1888 | D:2      | Reached XP level 5. HP: 23/37 MP: 1/12
  2376 | D:3      | Noticed a black bear
  3072 | D:4      | Reached XP level 6. HP: 44/44 MP: 6/13
  3158 | D:4      | Noticed a black bear
  3182 | D:4      | Reached skill level 5 in Dodging
  3248 | D:3      | Killed a black bear
  3433 | D:4      | Found a bloodstained altar of Trog.
  3566 | D:4      | Noticed Duvessa
  3566 | D:4      | Noticed Dowan
  3593 | D:5      | Entered Level 5 of the Dungeon
  3594 | D:5      | Identified the -4 helmet of Paranoia {Harm rPois Int-4}
  3601 | D:4      | Reached XP level 7. HP: 49/50 MP: 8/15
  3746 | D:4      | Found a staircase to the Ecumenical Temple.
  3758 | Temple   | Entered the Ecumenical Temple
  3774 | Temple   | Became a worshipper of Ashenzari the Shackled
  3867 | D:4      | Learned a level 4 spell: Animate Dead
  4092 | D:4      | Reached skill level 5 in Stealth
  4531 | D:5      | Found an ancient bone altar of Kikubaaqudgha.
  4545 | D:5      | HP: 2/51 [phantom (7)]
  4874 | D:4      | Killed Dowan
  5059 | D:4      | Killed Duvessa
  5060 | D:4      | Reached XP level 8. HP: 40/57 MP: 9/16
  5419 | D:5      | Found a faded altar of an unknown god.
  5419 | D:5      | Found a faded altar of an unknown god.
  5421 | D:5      | Found a hazy altar of Hepliaklqana.
  6060 | D:5      | Noticed Prince Ribbit
  6590 | D:5      | Killed Prince Ribbit
  6862 | D:5      | Reached XP level 9. HP: 46/65 MP: 8/18
  7433 | D:6      | Reached * piety under Ashenzari
  7433 | D:6      | Identified a scroll of acquirement
  7434 | D:6      | Acquired Kikubaaqudgha's Compendium of Dark Rituals
  7587 | D:6      | Learned a level 4 spell: Dispel Undead
  7594 | D:6      | Learned a level 6 spell: Death Channel
  8455 | D:6      | Identified the +10 mace of Genepuwk {flame, rCorr Str+2}
  8743 | D:7      | Noticed Pikel
  8871 | D:7      | Noticed Maggie
  8872 | D:7      | Reached ** piety under Ashenzari
  8881 | D:7      | Killed Maggie
  8882 | D:7      | Reached skill level 5 in Invocations
  8894 | D:7      | Killed Pikel
  9028 | D:7      | Reached XP level 10. HP: 76/76 MP: 17/22
  9077 | D:7      | Reached skill level 5 in Fighting
  9077 | D:7      | Reached skill level 5 in Short Blades
  9077 | D:7      | Reached skill level 5 in Long Blades
  9077 | D:7      | Reached skill level 5 in Axes
  9077 | D:7      | Reached skill level 5 in Maces & Flails
  9077 | D:7      | Reached skill level 5 in Polearms
  9077 | D:7      | Reached skill level 5 in Staves
  9077 | D:7      | Reached skill level 5 in Slings
  9077 | D:7      | Reached skill level 5 in Bows
  9077 | D:7      | Reached skill level 5 in Crossbows
  9077 | D:7      | Reached skill level 5 in Throwing
  9077 | D:7      | Reached skill level 5 in Armour
  9077 | D:7      | Reached skill level 5 in Shields
  9077 | D:7      | Reached skill level 5 in Unarmed Combat
  9077 | D:7      | Reached skill level 5 in Evocations
 10816 | D:8      | Reached *** piety under Ashenzari
 11293 | D:9      | Found Gurghan's Book Shop.
 11532 | D:9      | Found a stormy altar of Qazlal.
 11534 | D:9      | Found a sacrificial altar of Ru.
 11535 | D:9      | Found a sparkling altar of Nemelex Xobeh.
 11536 | D:9      | Found a burning altar of Makhleb.
 11537 | D:9      | Found a glowing silver altar of Zin.
 11591 | D:10     | Entered Level 10 of the Dungeon
 11789 | D:10     | Reached **** piety under Ashenzari
 11824 | D:10     | Found a snail-covered altar of Cheibriados.
 12375 | D:10     | Reached XP level 11. HP: 78/86 MP: 6/24
 12507 | D:10     | Acquired the +2 pair of gloves of the Game of Kings
                  | {Rampage rF+ Will+ rCorr}
 12944 | D:11     | Found a staircase to the Orcish Mines.
 13007 | D:11     | Noticed a skeletal warrior
 13013 | D:11     | Killed a skeletal warrior
 13014 | D:11     | Reached skill level 5 in Conjurations
 13014 | D:11     | Reached skill level 5 in Hexes
 13014 | D:11     | Reached skill level 5 in Summonings
 13014 | D:11     | Reached skill level 5 in Translocations
 13014 | D:11     | Reached skill level 5 in Transmutations
 13014 | D:11     | Reached skill level 5 in Fire Magic
 13014 | D:11     | Reached skill level 5 in Ice Magic
 13014 | D:11     | Reached skill level 5 in Air Magic
 13014 | D:11     | Reached skill level 5 in Earth Magic
 13014 | D:11     | Reached skill level 5 in Poison Magic
 13063 | D:11     | Noticed a skeletal warrior
 13069 | D:11     | Noticed a skeletal warrior
 13069 | D:11     | Noticed a skeletal warrior
 13082 | D:10     | Killed a skeletal warrior
 13351 | D:11     | Killed a skeletal warrior
 13380 | D:11     | Killed a skeletal warrior
 13482 | D:11     | Noticed a boulder beetle
 13532 | D:11     | Noticed a skeletal warrior
 13543 | D:11     | Killed a skeletal warrior
 13778 | D:11     | Noticed an eight-headed hydra
 13860 | Orc:1    | Entered Level 1 of the Orcish Mines
 13860 | Orc:1    | Noticed Maurice
 13860 | Orc:1    | Noticed an orc sorcerer
 13867 | Orc:1    | Noticed an orc warlord
 13877 | D:11     | Killed an orc sorcerer
 13899 | D:11     | Killed Maurice
 14308 | D:11     | Killed an eight-headed hydra
 14742 | D:11     | Reached XP level 12. HP: 57/94 MP: 17/26
 14907 | D:11     | Found a staircase to the Lair.
 15354 | Lair:1   | Entered Level 1 of the Lair of Beasts
 15655 | Lair:1   | Found a dark tunnel.
 15720 | Volcano  | Entered a volcano
 15773 | Volcano  | Noticed a hell knight
 15775 | Volcano  | Noticed a boulder beetle
 15775 | Volcano  | a hell knight changed into a boulder beetle
 15811 | Volcano  | Killed a boulder beetle
 15957 | Volcano  | Noticed a centaur warrior
 15975 | Volcano  | Killed a centaur warrior
 16241 | Lair:1   | Identified the amulet of Wedis {RegenMP rPois Int+7}
 16499 | Lair:1   | Found a hazy altar of Hepliaklqana.
 16749 | Lair:1   | Noticed Erica
 16783 | Lair:1   | Killed Erica
 17771 | Lair:2   | Reached XP level 13. HP: 92/103 MP: 13/28
 17921 | Lair:2   | Reached ***** piety under Ashenzari
 18865 | Lair:2   | Found the +3 pair of seven-league boots {Rampage+∞}
 19173 | Lair:3   | Found a staircase to the Snake Pit.
 19322 | Lair:3   | Reached skill level 10 in Necromancy
 19895 | Lair:3   | Learned a level 7 spell: Haunt
 20280 | D:1      | Bought the +5 double sword of Eternal Vigilance {pain, rF+
                  | rN+ rCorr Str-2} for 821 gold pieces
 20621 | Lair:3   | Found a hole to the Spider Nest.
 21131 | Lair:4   | Identified the +4 war axe of Balance {drain, rC- Int+4}
 21377 | Lair:4   | Reached skill level 10 in Spellcasting
 21671 | Lair:4   | Found a runed translucent door.
 21722 | Lair:4   | Noticed an entropy weaver
 21730 | Lair:4   | Noticed an entropy weaver
 21754 | Lair:4   | Killed an entropy weaver
 21874 | Lair:4   | Reached skill level 10 in Dodging
 21874 | Lair:4   | Reached XP level 14. HP: 97/106 MP: 14/28
 22026 | Lair:4   | Noticed an entropy weaver
 22033 | Lair:4   | Killed an entropy weaver
 22301 | Lair:4   | Killed an entropy weaver
 22329 | Lair:4   | Found the ring of the Hare {EV+8}
 22330 | Lair:4   | Identified the +0 chain mail "Sosiq" {Will+ MP+9 Dex-4}
 22341 | Lair:4   | Reached skill level 10 in Stealth
 22362 | Lair:4   | Paralysed by you for 3 turns
 23471 | Lair:6   | Entered Level 6 of the Lair of Beasts
 23678 | Lair:6   | Reached skill level 10 in Invocations
 23768 | Lair:6   | Learned a level 8 spell: Infestation
 24751 | Lair:6   | Reached XP level 15. HP: 55/115 MP: 14/29
 26041 | Lair:6   | Found a staircase to the Slime Pits.
 26239 | Orc:1    | Killed an orc warlord
 26705 | Orc:1    | Reached skill level 10 in Fighting
 26705 | Orc:1    | Reached skill level 10 in Short Blades
 26705 | Orc:1    | Reached skill level 10 in Long Blades
 26705 | Orc:1    | Reached skill level 10 in Axes
 26705 | Orc:1    | Reached skill level 10 in Maces & Flails
 26705 | Orc:1    | Reached skill level 10 in Polearms
 26705 | Orc:1    | Reached skill level 10 in Staves
 26705 | Orc:1    | Reached skill level 10 in Slings
 26705 | Orc:1    | Reached skill level 10 in Bows
 26705 | Orc:1    | Reached skill level 10 in Crossbows
 26705 | Orc:1    | Reached skill level 10 in Throwing
 26705 | Orc:1    | Reached skill level 10 in Armour
 26705 | Orc:1    | Reached skill level 10 in Shields
 26705 | Orc:1    | Reached skill level 10 in Unarmed Combat
 26705 | Orc:1    | Reached skill level 10 in Evocations
 26802 | Orc:2    | Entered Level 2 of the Orcish Mines
 27004 | Orc:2    | Noticed an orc warlord
 27014 | Orc:2    | Killed an orc warlord
 27323 | Orc:2    | Found a staircase to the Elven Halls.
 27325 | Orc:2    | Noticed an orc warlord
 27347 | Orc:2    | Killed an orc warlord
 27623 | Orc:2    | Found Muxti's Antique Armour Shoppe.
 27627 | Orc:2    | Found Qamunn's General Store.
 27628 | Orc:2    | Found Miqous's Book Shoppe.
 27629 | Orc:2    | Found Cemef's Antique Weapon Emporium.
 27724 | D:9      | Bought Great Wizards, Vol. II for 532 gold pieces
 27731 | D:9      | Learned a level 5 spell: Borgnjor's Vile Clutch
 28928 | D:13     | Reached ****** piety under Ashenzari
 29490 | D:14     | Found a gate leading to a gauntlet.
 29498 | Gauntlet | Entered a Gauntlet
 29498 | Gauntlet | Found a transporter.
 29498 | Gauntlet | Found a transporter.
 29499 | Gauntlet | Found a transporter.
 29502 | Gauntlet | Found a transporter.
 29502 | Gauntlet | Found a transporter.
 29502 | Gauntlet | Found a transporter.
 29512 | Gauntlet | Found a transporter.
 29516 | Gauntlet | Found a transporter.
 29518 | Gauntlet | Found a large runed translucent door.
 29519 | Gauntlet | Found a large runed translucent door.
 29520 | Gauntlet | Found a large runed translucent door.
 29520 | Gauntlet | Found a large runed translucent door.
 29520 | Gauntlet | Found a runed translucent door.
 29520 | Gauntlet | Found a runed translucent door.
 29521 | Gauntlet | Found a large runed translucent door.
 29521 | Gauntlet | Found a large runed translucent door.
 29521 | Gauntlet | Found a large runed translucent door.
 29521 | Gauntlet | Found a large runed translucent door.
 29522 | Gauntlet | Found a large runed translucent door.
 29522 | Gauntlet | Found a large runed translucent door.
 29523 | Gauntlet | Found a large runed translucent door.
 29523 | Gauntlet | Found a large runed translucent door.
 29524 | Gauntlet | Found a runed translucent gate.
 29524 | Gauntlet | Found a runed translucent gate.
 29524 | Gauntlet | Found a runed translucent gate.
 29526 | Gauntlet | Found a transporter.
 29526 | Gauntlet | Identified the ring "Qygg" {Ice rN+ Int+5 Slay+3}
 29531 | Gauntlet | Found a transporter.
 29552 | Gauntlet | Found a transporter.
 29554 | Gauntlet | Found a transporter.
 29634 | Gauntlet | Found a large runed translucent door.
 29634 | Gauntlet | Found a large runed translucent door.
 29637 | Gauntlet | Found a large runed translucent door.
 29637 | Gauntlet | Found a large runed translucent door.
 29710 | Gauntlet | Reached XP level 16. HP: 113/123 MP: 25/31
 29916 | Gauntlet | Identified the Volume of the Blind Marksman
 29976 | D:14     | Noticed Josephine
 29982 | D:14     | Killed Josephine
 30188 | D:14     | Found a gate to the Vaults.
 30188 | D:14     | Noticed Nessos
 30189 | D:14     | Noticed Rupert
 30194 | D:14     | Killed Nessos
 30204 | D:14     | Killed Rupert
 30271 | D:14     | Found Fearchest's Gadget Gallery.
 30565 | D:14     | Found a runed translucent door.
 30567 | D:14     | Found a shimmering altar of Xom.
 30567 | D:14     | Noticed Jeschemp's ghost (journeyman MiBe)
 30881 | D:15     | Entered Level 15 of the Dungeon
 31333 | D:15     | Found a radiant altar of Vehumet.
 31527 | D:15     | Found a staircase to the Depths.
 32156 | Snake:1  | Entered Level 1 of the Snake Pit
 33051 | Snake:1  | Acquired 606 gold pieces
 33326 | Snake:1  | Found a shimmering altar of Xom.
 34793 | Snake:2  | Reached XP level 17. HP: 114/131 MP: 13/33
 34902 | Snake:2  | Noticed Azrael
 34919 | Snake:2  | Killed Azrael
 35246 | Snake:2  | Found Simuvve's Magic Scroll Shoppe.
 35270 | Snake:2  | Bought a scroll of blinking for 82 gold pieces
 35270 | Snake:2  | Bought a scroll of teleportation for 33 gold pieces
 35270 | Snake:2  | Bought a scroll of blinking for 82 gold pieces
 35270 | Snake:2  | Bought a scroll of magic mapping for 38 gold pieces
 35270 | Snake:2  | Bought a scroll of teleportation for 33 gold pieces
 36313 | Snake:3  | Reached skill level 10 in Conjurations
 36313 | Snake:3  | Reached skill level 10 in Hexes
 36313 | Snake:3  | Reached skill level 10 in Summonings
 36313 | Snake:3  | Reached skill level 10 in Translocations
 36313 | Snake:3  | Reached skill level 10 in Transmutations
 36313 | Snake:3  | Reached skill level 10 in Fire Magic
 36313 | Snake:3  | Reached skill level 10 in Ice Magic
 36313 | Snake:3  | Reached skill level 10 in Air Magic
 36313 | Snake:3  | Reached skill level 10 in Earth Magic
 36313 | Snake:3  | Reached skill level 10 in Poison Magic
 37241 | Snake:4  | Entered Level 4 of the Snake Pit
 37284 | Snake:4  | Found a transporter.
 37284 | Snake:4  | Noticed gimp's ghost (adept VSWn)
 37350 | Snake:4  | Found a transporter.
 37519 | Snake:4  | Found Mubiw's Book Shop.
 37530 | Snake:4  | Found Kiper's Book Shop.
 37531 | Snake:4  | Found Gadiz's Jewellery Emporium.
 37738 | Snake:4  | Bought a Grand Grimoire for 646 gold pieces
 37742 | Snake:4  | Bought Tuleni's Almanac of the Voyage and Evil for 264 gold
                  | pieces
 37751 | Snake:4  | Learned a level 7 spell: Malign Gateway
 37781 | Snake:4  | Reached XP level 18. HP: 122/140 MP: 23/35
 37802 | Snake:4  | Learned a level 8 spell: Summon Horrible Things
 38206 | Snake:4  | Got a serpentine rune of Zot
 38608 | Snake:4  | Noticed Vashnia
 38648 | Snake:4  | Killed Vashnia
 39135 | Spider:1 | Entered Level 1 of the Spider Nest
 40669 | Spider:1 | Acquired a +2 tower shield of reflection
 40748 | Spider:2 | Noticed Agnes
 40758 | Spider:2 | Killed Agnes
 40883 | Spider:2 | Noticed Mlioglotl
 40898 | Spider:2 | Killed Mlioglotl
 41072 | Spider:2 | Reached XP level 19. HP: 114/148 MP: 36/36
 41428 | Spider:2 | Noticed Aizul
 41439 | Spider:2 | Killed Aizul
 43328 | Spider:4 | Entered Level 4 of the Spider Nest
 44506 | Spider:4 | Reached XP level 20. HP: 149/157 MP: 15/38
 44551 | Spider:4 | Got a gossamer rune of Zot
 44976 | Elf:1    | Entered Level 1 of the Elven Halls
 44983 | Elf:1    | Noticed Asterion
 44991 | Elf:1    | Killed Asterion
 45177 | Elf:1    | Found a radiant altar of Vehumet.
 45477 | Elf:1    | Found a runed translucent door.
 45477 | Elf:1    | Noticed Gorep's ghost (adept FeBe)
 45751 | Elf:1    | Paralysed by an air elemental for 1 turns
 46061 | Elf:1    | Found an ancient bone altar of Kikubaaqudgha.
 46061 | Elf:1    | Found a shimmering blue altar of Sif Muna.
 46062 | Elf:1    | Found a shimmering blue altar of Sif Muna.
 47100 | Elf:2    | Found Ypriupud's Magic Scroll Emporium.
 47103 | Elf:2    | Bought a scroll of summoning for 180 gold pieces
 47103 | Elf:2    | Bought a scroll of magic mapping for 66 gold pieces
 47153 | Elf:2    | Paralysed by an air elemental for 1 turns
 47589 | Elf:2    | Noticed Donald
 47613 | Elf:2    | Killed Donald
 47614 | Elf:2    | Reached skill level 15 in Invocations
 47629 | Elf:2    | Found a shimmering blue altar of Sif Muna.
 48015 | Elf:2    | Found a runed translucent gate.
 48016 | Elf:2    | Found a runed translucent gate.
 48016 | Elf:2    | Found a runed translucent gate.
 48217 | Vaults:1 | Entered Level 1 of the Vaults
 48228 | Vaults:1 | Learned a level 9 spell: Death's Door
 48638 | Vaults:1 | Identified the +3 ring mail of Beogh's Reproof {Str-2 Dex+5
                  | Slay+5}
 49317 | Vaults:1 | Noticed Nikola
 49532 | Vaults:1 | Killed Nikola
 49648 | Vaults:2 | Reached XP level 21. HP: 169/172 MP: 36/42
 49701 | Vaults:2 | Reached skill level 15 in Spellcasting
 50035 | Vaults:2 | Reached skill level 15 in Dodging
 50156 | Vaults:2 | Noticed Sojobo
 50172 | Vaults:2 | Paralysed by an air elemental for 1 turns
 50533 | Vaults:2 | Reached skill level 15 in Stealth
 50691 | Vaults:2 | Paralysed by an air elemental for 1 turns
 50692 | Vaults:2 | Killed Sojobo
 51520 | Vaults:3 | Learned a level 8 spell: Necromutation
 51961 | Vaults:3 | Reached XP level 22. HP: 177/182 MP: 44/44
 52043 | Vaults:3 | Found a staircase to the Crypt.
 53115 | Vaults:4 | Reached skill level 15 in Fighting
 53115 | Vaults:4 | Reached skill level 15 in Short Blades
 53115 | Vaults:4 | Reached skill level 15 in Long Blades
 53115 | Vaults:4 | Reached skill level 15 in Axes
 53115 | Vaults:4 | Reached skill level 15 in Maces & Flails
 53115 | Vaults:4 | Reached skill level 15 in Polearms
 53115 | Vaults:4 | Reached skill level 15 in Staves
 53115 | Vaults:4 | Reached skill level 15 in Slings
 53115 | Vaults:4 | Reached skill level 15 in Bows
 53115 | Vaults:4 | Reached skill level 15 in Crossbows
 53115 | Vaults:4 | Reached skill level 15 in Throwing
 53115 | Vaults:4 | Reached skill level 15 in Armour
 53115 | Vaults:4 | Reached skill level 15 in Shields
 53115 | Vaults:4 | Reached skill level 15 in Unarmed Combat
 53115 | Vaults:4 | Reached skill level 15 in Evocations
 54086 | Slime:1  | Entered Level 1 of the Pits of Slime
 54202 | Slime:3  | Paralysed by a floating eye for 3 turns
 54344 | Slime:5  | Entered Level 5 of the Pits of Slime
 54374 | Slime:5  | Noticed the Royal Jelly
 54397 | Slime:5  | Killed the Royal Jelly
 54668 | Slime:5  | Identified the Volume of Dusty Air
 54762 | Slime:5  | Identified the +1 leather armour of the Frog {rC+}
 54762 | Slime:5  | Identified the ring of Gluttony {rElec rPois rC- Will+}
 54766 | Slime:5  | Got a slimy rune of Zot
 54787 | Slime:5  | Identified the +1 robe of Shielding {rN+}
 54809 | Slime:5  | Identified Urharit's Handbook of the Frostbite and
                  | Summoning
 54999 | Slime:2  | Gained mutation: You sometimes lose the ability to read
                  | scrolls when taking damage. [a shining eye]
 55006 | Slime:2  | Lost mutation: You sometimes lose the ability to read
                  | scrolls when taking damage. [potion of mutation]
 55006 | Slime:2  | Gained mutation: Your spells are a little harder to cast,
                  | but a little more powerful. [potion of mutation]
 55006 | Slime:2  | Gained mutation: You are strong-willed. (Will+) [potion of
                  | mutation]
 55006 | Slime:2  | Gained mutation: You are somewhat resistant to further
                  | mutation. [potion of mutation]
 55079 | Lair:6   | Learned a level 9 spell: Dragon's Call
 55342 | Elf:3    | Entered Level 3 of the Elven Halls
 55483 | Elf:3    | Reached XP level 23. HP: 175/190 MP: 32/45
 56045 | Elf:3    | Identified the +7 flail of Agony {flame, rC+}
 56045 | Elf:3    | Identified the ring of Balance {MP+9 Str-2 Int+6 Slay+5}
 56048 | Elf:3    | Identified the +4 mace of Wonderful Guilt {vamp, Int+4}
 56121 | Elf:3    | Identified the +3 plate armour of Zalloosh {rF- Regen+
                  | Dex+4 Stlth+}
 56123 | Elf:3    | Identified the ring "Siutzase" {rC+ AC+4 Int+2 Dex+4}
 56124 | Elf:3    | Identified Waolaw's Guide on Cold
 56126 | Elf:3    | Identified the +6 mace of Amapet {drain, Dex+3}
 56127 | Elf:3    | Identified the +6 long sword "Ronusut" {protect, Str+4}
 56133 | Elf:3    | Identified the Almanac of Icy Toxins
 56137 | Elf:3    | Identified the +3 halberd "Qocinnol" {chaos, +Blink Str-3
                  | Dex+4 Stlth+}
 56137 | Elf:3    | Found the +0 mask of the Dragon {Will+ Slay+3 SInv}
 56137 | Elf:3    | Identified the +0 pair of boots of the Swan {rElec rCorr
                  | Int+4 Slay-3}
 56138 | Elf:3    | Identified the +2 pair of boots "Dinaresi" {Int+4}
 56180 | Elf:3    | Identified the +2 flail "Kelut" {vorpal, rElec rF+ Dex+4}
 56192 | Elf:3    | Reached skill level 15 in Necromancy
 56847 | D:14     | Killed Jeschemp's ghost
 56963 | Depths:1 | Entered Level 1 of the Depths
 56963 | Depths:1 | Found a gateway to Hell.
 56992 | Depths:1 | Found a one-way gateway to a ziggurat.
 57022 | Depths:1 | Found a flickering gateway to a bazaar.
 57031 | Bazaar   | Entered a bazaar
 57110 | Bazaar   | Found Pacezus's Magic Scroll Emporium.
 57118 | Bazaar   | Bought a scroll of teleportation for 36 gold pieces
 57118 | Bazaar   | Bought a scroll of blinking for 90 gold pieces
 57118 | Bazaar   | Bought a scroll of enchant armour for 90 gold pieces
 57142 | Bazaar   | Found Anaoqate's Book Emporium.
 57189 | Bazaar   | Found Fukuuf's Jewellery Boutique.
 57219 | Bazaar   | Found Qahyvv Hauq's Jewellery Emporium.
 57459 | Depths:1 | Identified the +7 spear of Oenomania {vorpal, +Blink rElec
                  | MP+9 Int+3}
 57606 | Depths:4 | Entered Level 4 of the Depths
 57642 | Depths:4 | Noticed a golden dragon
 57661 | Depths:4 | Killed a golden dragon
 57669 | Depths:4 | Found a gate to the Realm of Zot.
 57734 | Zot:1    | Entered Level 1 of the Realm of Zot
 57734 | Zot:1    | Noticed an orb of fire
 57747 | Zot:1    | Killed an orb of fire
 57830 | Zot:1    | Reached XP level 24. HP: 145/199 MP: 17/46
 58254 | Zot:3    | Noticed an orb of fire
 59207 | Zot:2    | Killed an orb of fire
 59420 | Zot:2    | HP: 1/195 [storm dragon/bolt of lightning (15)]
 59420 | Zot:2    | Killed from afar by a white draconian stormcaller

Illustrated notes

Levels and vault maps discovered:
D:1:      noname_arrival_rooms_in_the_neighbourhood, layout_basic,
          ebering_ecumenical_altar_rust, serial_shops, nicolae_square_shop,
          grunt_decor_junction
D:2:      layout_rooms, uniq_crazy_yiuf_cottage, uniq_jessica
D:3:      layout_loops_ring
D:4:      wad_lake_hut, layout_basic, mainiacjoe_overflow_small_starburst,
          minmay_temple_entry_purple_smoke, st_stairs_10, uniq_duvessa
D:5:      layout_cave_pools, nicolae_hepliaklqana_ecumenical_no_more,
          kiku_gazebo_garden_becter, serial_park, serial_park_square3
          [serial_park_minivault_5x5_6], serial_park_fountain,
          serial_park_tiny_2, serial_park_tiny_pond, bh_walls_and_bars,
          uniq_prince_ribbit1
D:6:      layout_gridville, minmay_starry_boxes
D:7:      layout_basic, uniq_maggie, uniq_pikel
D:8:      layout_basic
D:9:      layout_small_grid, minitemple, serial_shops, shop
D:10:     layout_basic, lemuel_doored_altar
D:11:     layout_long_grid, erik_lair_dragon, orc_0_dummy
D:12:     layout_loops_cross, kennysheep_generic_room_8
D:13:     layout_irregular_city, lemuel_flamethrower_3
D:14:     layout_long_grid, david_vaults_3, ebering_ghost_xom,
          gauntlet_entry_generic, minmay_misc_feat_rows, nicolae_shop_gadgets,
          uniq_josephine
D:15:     grunt_enter_depths_magical_seal, layout_stronghold, vehumet_crystals,
          amcnicky_mini_pool_small
Temple:   cyrus_circular_temple
Lair:1:   layout_regular_city, enter_volcano_2, basic_altar, grunt_megastairs_2,
          uniq_erica
Lair:2:   layout_roguey [special_room_bee],
          hellmonk_guarded_unrand_seven_league_boots, lemuel_fruit_fields
Lair:3:   layout_regular_city, minmay_snake_entry_six_corridors,
          spider_nest_entry_funnel_web
Lair:4:   gammafunk_mikee_crab_dinner, layout_misc_corridors,
          serial_bayou_shore_a, infiniplex_staircase_pool
Lair:5:   layout_regular_city, wad_woods_road_05
Lair:6:   minmay_lair_end_enchanted_forest, layout_small_grid,
          minmay_slime_entry_oklob_enclosed, kennysheep_abandoned_house,
          grunt_megastairs_1, infiniplex_staircase_pool_2
Snake:1:  layout_basic, basic_altar, nicolae_snake_bzzzt
Snake:2:  layout_honeycomb, serial_shops, nicolae_shop_advertising_works
          [nicolae_subvault_shop_adworks], uniq_azrael
Snake:3:  layout_honeycomb
Snake:4:  grunt_snake_rune_serpentine_throne, layout_misc_corridors,
          gammafunk_ghost_arena, minmay_shop_grove, uniq_vashnia
Spider:1: layout_chambers
Spider:2: layout_spider_delve, nicolae_spider_cling_halls, uniq_agnes,
          uniq_mlioglotl, uniq_aizul
Spider:3: layout_spider_delve
Spider:4: spider_rune_water, special_room
Slime:1:  layout_caves, nicolae_slime_barrier
Slime:2:  layout_caves
Slime:3:  layout_caves
Slime:4:  layout_caves
Slime:5
Orc:1:    layout_caves, uniq_maurice
Orc:2:    st_orc_congregation, layout_caves, uniq_snorg
Elf:1:    minmay_the_grid_octo_tiled_octocenter [minmay_the_grid_octo_checkered,
          minmay_the_grid_octo_77, minmay_the_grid_octo_shrine,
          minmay_the_grid_octo_horde, minmay_the_grid_octo_prize_big_c,
          minmay_the_grid_square_5x5_longway, minmay_the_grid_square_5x5_two,
          minmay_the_grid_square_5x5_inset, minmay_the_grid_square_5x5_fat_x],
          layout_gridlike, ebering_ghost_inner_flame, hangedman_corner_corridor,
          uniq_asterion
Elf:2:    nicolae_elf_blades_crystal_corner, layout_loops_corners, serial_shops,
          nicolae_stop_n_shop_2, basic_altar, uniq_donald
Elf:3:    minmay_elf_hall_circle, layout_rooms, moated_statue,
          nicolae_elf_shapeshifter_party
Vaults:1: v_alt_pattern_2, v_misc_23, vaults_mumra_chevron, v_alt_pattern_3,
          nicolae_vaults_little_squares_4, v_misc_15, v_rooms_4,
          nicolae_vaults_theta, v_alt_pattern_4, hangedman_vaults_nails,
          ontoclasm_vaults_ligature, vaults_room_pool, layout_vaults_omnigrid,
          uniq_nikola
Vaults:2: hangedman_vaults_hat, v_misc_27, vaults_room_fours,
          vaults_mumra_minichess_inversion, nicolae_vaults_little_ls, v_misc_19,
          v_pattern_5, nicolae_vaults_quartermaster, v_misc_22,
          ontoclasm_vaults_ring_large, layout_vaults_big_room, uniq_sojobo
Vaults:3: grunt_vaults_hallway_long, ontoclasm_vaults_ring_square,
          vaults_room_grunt_arrival_ludios, v_pattern_1, vaults_mumra_hexcomb,
          v_misc_33, nicolae_vaults_network_quincunx
          [nicolae_vaults_network_quincunx_subvault,
          nicolae_vaults_network_quincunx_subvault,
          nicolae_vaults_network_quincunx_subvault,
          nicolae_vaults_network_quincunx_subvault,
          nicolae_vaults_network_quincunx_subvault],
          ontoclasm_vaults_decontamination, v_misc_14,
          minmay_crypt_entry_simple_corners, grunt_vaults_hallway_short,
          nicolae_vaults_twisting_passages, nicolae_vaults_rhombus_6,
          layout_vaults_omnibox
Vaults:4: vaults_dpeg_cross, grunt_vaults_diagonal,
          ontoclasm_vaults_water_temple, nicolae_vaults_little_squares_6,
          nicolae_vaults_rhombus_7, v_misc_22, v_misc_3,
          dpeg_vaults_monster_box, nicolae_vaults_circle_grid_a,
          ontoclasm_vaults_eye, v_alt_pattern_1,
          vaults_standard_mumra_enter_the_diamond, nicolae_vaults_rhombus_5,
          layout_vaults_omnicross
Depths:1: layout_cave_pools, enter_ziggurat_c, chequers_big_river, hell_entry,
          serial_shops, bzr_entry_islet, nicolae_ru_great_annihilating_truth,
          serial_bayou_shore_b
Depths:2: hangedman_elemental_death_ray, layout_gridlike, serial_rivers,
          chequers_serial_rivers_micro_a, chequers_serial_rivers_micro_d,
          chequers_serial_rivers_small_a, chequers_serial_rivers_large_a,
          rand_demon_pan_entry_3, hell_entry, abyss_entry_small_statue_room,
          serial_shops, shop
Depths:3: nicolae_cairo_tiling_large, layout_cave_pools,
          hangedman_tar_grid_catacomb, abyss_entry_flame_altar,
          corexii_corridor_pit, infiniplex_staircase_diamond, uniq_mara
Depths:4: evilmike_zot_entry_diamond, layout_honeycomb, lightli_too_deep,
          abyss_entry, minmay_alternating_orb
Zot:1:    evilmike_crystal_ball_defense, layout_onion, grunt_ministairs_14,
          bh_zot_lava_cross
Zot:2:    layout_concentric_octagons
Zot:3:    dreamdust_black_sun_cult, layout_onion_interference,
          st_large_dragon_hoard_1

Skill      XL: |  1  2  3  4  5  6  7  8  9 10 11 12 13 14 15 16 17 18 19 20 21 22 23 24 |
---------------+-------------------------------------------------------------------------+-----
Spellcasting   | 5 6 7 8 9 10 11 12 13 14 15 16 17 | 17.0
Invocations    | 1 2 3 4 5 6 7 8 9 10 11 12 13 14 15 16 17 | 17.7
Fighting       | 1 2 3 4 5 6 7 8 9 10 11 12 13 14 15 16 | 16.4
Short Blades   | 1 2 3 4 5 6 7 8 9 10 11 12 13 14 15 16 | 16.4
Long Blades    | 1 2 3 4 5 6 7 8 9 10 11 12 13 14 15 16 | 16.4
Axes           | 1 2 3 4 5 6 7 8 9 10 11 12 13 14 15 16 | 16.4
Maces & Flails | 1 2 3 4 5 6 7 8 9 10 11 12 13 14 15 16 | 16.4
Polearms       | 1 2 3 4 5 6 7 8 9 10 11 12 13 14 15 16 | 16.4
Staves         | 1 2 3 4 5 6 7 8 9 10 11 12 13 14 15 16 | 16.4
Slings         | 1 2 3 4 5 6 7 8 9 10 11 12 13 14 15 16 | 16.4
Bows           | 1 2 3 4 5 6 7 8 9 10 11 12 13 14 15 16 | 16.4
Crossbows      | 1 2 3 4 5 6 7 8 9 10 11 12 13 14 15 16 | 16.4
Throwing       | 1 2 3 4 5 6 7 8 9 10 11 12 13 14 15 16 | 16.4
Armour         | 1 2 3 4 5 6 7 8 9 10 11 12 13 14 15 16 | 16.4
Shields        | 1 2 3 4 5 6 7 8 9 10 11 12 13 14 15 16 | 16.4
Unarmed Combat | 1 2 3 4 5 6 7 8 9 10 11 12 13 14 15 16 | 16.4
Evocations     | 1 2 3 4 5 6 7 8 9 10 11 12 13 14 15 16 | 16.4
Conjurations   | 1 2 3 4 5 6 7 8 9 10 11 12 13 | 13.9
Hexes          | 1 2 3 4 5 6 7 8 9 10 11 12 13 | 13.9
Summonings     | 1 2 3 4 5 6 7 8 9 10 11 12 13 | 13.9
Translocations | 1 2 3 4 5 6 7 8 9 10 11 12 13 | 13.9
Transmutations | 1 2 3 4 5 6 7 8 9 10 11 12 13 | 13.9
Fire Magic     | 1 2 3 4 5 6 7 8 9 10 11 12 13 | 13.9
Ice Magic      | 1 2 3 4 5 6 7 8 9 10 11 12 13 | 13.9
Air Magic      | 1 2 3 4 5 6 7 8 9 10 11 12 13 | 13.9
Earth Magic    | 1 2 3 4 5 6 7 8 9 10 11 12 13 | 13.9
Poison Magic   | 1 2 3 4 5 6 7 8 9 10 11 12 13 | 13.9
Dodging        | 5 6 7 8 9 10 11 12 13 14 15 16 | 16.9
Stealth        | 5 6 7 8 9 10 11 12 13 14 15 16 | 16.8
Necromancy     | 8 9 10 11 12 13 14 15 | 15.5

Action                   |  1- 3 |  4- 6 |  7- 9 | 10-12 | 13-15 | 16-18 | 19-21 | 22-24 || total
-------------------------+-------+-------+-------+-------+-------+-------+-------+-------++-------
Melee: Dagger            |     2 |       |       |       |       |       |       |       ||     2
       Mace              |     6 |    39 |   160 |       |       |       |       |       ||   205
       Bite              |       |     3 |    12 |    35 |    37 |    50 |    68 |    33 ||   238
       Whip              |       |       |       |   414 |   188 |       |       |       ||   602
       Double sword      |       |       |       |       |   296 |   536 |   782 |   473 ||  2087
 Cast: Pain              |    39 |     2 |       |       |       |       |       |       ||    41
       Vampiric Draining |     4 |    32 |    89 |   147 |    56 |       |       |       ||   328
       Animate Dead      |       |       |     9 |     7 |     7 |       |       |       ||    23
       Dispel Undead     |       |       |     5 |    29 |     9 |     5 |     4 |     6 ||    58
       Death Channel     |       |       |       |    19 |    27 |    33 |    35 |    32 ||   146
       Haunt             |       |       |       |       |    38 |    16 |     7 |    12 ||    73
       Infestation       |       |       |       |       |    38 |    51 |    65 |    34 ||   188
       Borgnjor's Vile C |       |       |       |       |    13 |    57 |    41 |    19 ||   130
       Malign Gateway    |       |       |       |       |       |     1 |       |       ||     1
       Summon Horrible T |       |       |       |       |       |    13 |    41 |    29 ||    83
       Necromutation     |       |       |       |       |       |       |     4 |     6 ||    10
       Death's Door      |       |       |       |       |       |       |     2 |     4 ||     6
       Dragon's Call     |       |       |       |       |       |       |       |    23 ||    23
Invok: Curse Item        |       |       |     3 |     4 |     6 |     2 |     1 |       ||    16
       Shatter the Chain |       |       |       |       |     3 |     2 |     1 |       ||     6
 Abil: End Transformatio |       |       |       |       |       |       |       |     3 ||     3
Evoke: Wand              |       |       |    20 |    11 |     5 |     2 |       |     7 ||    45
       Tin of tremorston |       |       |       |       |       |       |       |     2 ||     2
  Use: Scroll            |       |       |    14 |     1 |     1 |     7 |     7 |    18 ||    48
       Potion            |       |       |       |       |       |     4 |     3 |     7 ||    14
 Stab: Sleeping          |       |     2 |     5 |     1 |     3 |     6 |    11 |       ||    28
       Distracted        |       |       |       |     9 |     1 |     9 |    22 |     8 ||    49
       Confused          |       |       |       |     2 |       |       |       |       ||     2
       Invisible         |       |       |       |       |       |       |     5 |     1 ||     6
Armor: Robe              |     4 |    16 |    38 |    16 |       |       |       |       ||    74
       Steam dragon scal |       |       |       |   173 |   213 |   152 |   133 |       ||   671
       Troll leather arm |       |       |       |       |       |       |   108 |   214 ||   322
Dodge: Dodged            |    15 |    56 |   177 |   525 |   543 |   385 |   443 |   375 ||  2519
Block: Orb               |       |       |    51 |   159 |    40 |       |       |       ||   250
       Reflection        |       |       |     2 |     9 |       |       |       |       ||    11
       Kite shield       |       |       |       |       |       |   266 |   489 |   398 ||  1153

Table legend: (Time is in decaauts)
 A = Elapsed time spent in this place.
 B = Non-inter-level travel time spent in this place.
 C = Inter-level travel time spent in this place.
 D = Time resting spent in this place.
 E = Time spent auto-exploring this place.
 F = Levels seen in this place.
 G = Mean time per level.
                   A        B        C        D        E       F      G
               +--------+--------+--------+--------+--------+-----+--------+
         Total |  58974 |  54307 |   4667 |   5614 |  37594 |  54 | 1092.1 |
       Dungeon |  21398 |  18773 |   2625 |   2150 |  13603 |  15 | 1426.5 |
        Temple |     59 |     51 |      8 |      0 |     32 |   1 |   59.0 |
          Lair |  10060 |   9112 |    948 |    698 |   6737 |   6 | 1676.7 |
     Snake Pit |   6489 |   6326 |    163 |    634 |   4550 |   4 | 1622.2 |
   Spider Nest |   5614 |   5384 |    230 |    404 |   3974 |   4 | 1403.5 |
    Slime Pits |    916 |    858 |     58 |    296 |    126 |   5 |  183.2 |
  Orcish Mines |   1617 |   1424 |    193 |      0 |   1143 |   2 |  808.5 |
   Elven Halls |   4162 |   3930 |    232 |     10 |   3063 |   3 | 1387.3 |
        Vaults |   5434 |   5244 |    190 |    380 |   3609 |   4 | 1358.5 |
        Depths |    615 |    607 |      8 |    145 |    105 |   4 |  153.8 |
           Zot |   1574 |   1565 |      9 |    799 |     96 |   3 |  524.7 |
        Bazaar |    216 |    216 |      0 |      0 |    163 |   1 |  216.0 |
       Volcano |    388 |    388 |      0 |     97 |    146 |   1 |  388.0 |
      Gauntlet |    425 |    425 |      0 |      0 |    245 |   1 |  425.0 |
               +--------+--------+--------+--------+--------+-----+--------+

Top non-repeatable levels by time:
    D:11: 3327 daAuts
     D:4: 2398 daAuts
 Snake:1: 2269 daAuts
   Elf:1: 2188 daAuts
  Lair:6: 2096 daAuts
  Lair:3: 1853 daAuts
 Snake:4: 1772 daAuts
  Lair:2: 1708 daAuts
Spider:1: 1600 daAuts
     D:5: 1589 daAuts
  Lair:4: 1576 daAuts
  Lair:1: 1498 daAuts
Spider:2: 1483 daAuts
 Snake:2: 1479 daAuts
    D:10: 1469 daAuts
